 Dungeon Crawl Stone Soup version 0.31-a0-231-g51bb95cda3 (webtiles) character file.

Game seed: 7637843747877742344

49 qw the Shooter (level 3, -1/29 HPs)
             Began as a Minotaur Hexslinger on July 6, 2023.
             Slain by Sigmund
             ... wielding a +1 scythe of protection
              (4 damage)
             ... on level 2 of the Dungeon.
             The game lasted 00:00:27 (1374 turns).

qw the Shooter (Minotaur Hexslinger)                Turns: 1374, Time: 00:00:28

Health: -1/29      AC:  5    Str: 12    XL:     3   Next: 53%
Magic:  3/3        EV: 11    Int: 10    God:
Gold:   63         SH:  0    Dex: 14    Spells: 3/4 levels left

rFire   . . .        a - +1 sling
rCold   . . .        (no shield)
rNeg    . . .        e - +0 ring mail
rPois   .            (helmet restricted)
rElec   .            (no cloak)
rCorr   .            (no gloves)
SInv    .            (no boots)
Will    .....        (no amulet) Stlth
                     (no ring)
HPRegen 0.24/turn    (no ring)
MPRegen 0.08/turn

%: no passive effects
@: confused
A: horns 2, retaliatory headbutt
a: no special abilities


You were on level 2 of the Dungeon.
You visited 1 branch of the dungeon, and saw 2 of its levels.

You collected 63 gold pieces.


Innate Abilities, Weirdness & Mutations

You have a pair of horns on your head.
You reflexively headbutt those who attack you in melee.


   Skills:
 - Level 2.0 Fighting
 - Level 4.0 Ranged Weapons
 + Level 0.6 Armour
 - Level 2.1 Dodging
 - Level 1.0 Spellcasting
 - Level 2.0 Hexes


You had 3 spell levels left.
You knew the following spells:

 Your Spells              Type           Power      Damage    Failure   Level
a - Slow                  Hex            16%        N/A       34%         1

Your spell library contained the following spells:

 Spells                   Type           Power      Damage    Failure   Level
 Inner Flame              Hex/Fire       2%         N/A       83%         3
 Portal Projectile        Hex/Tloc       4%         N/A       83%         3
 Cause Fear               Hex            2%         N/A       98%         4

Inventory:

Hand Weapons
 a - a +1 sling (weapon)
Armour
 e - a +0 ring mail (worn)
Potions
 b - a potion of heal wounds {unknown}
 c - a potion of mutation {unknown}
 f - a potion of brilliance {unknown}

Dungeon Overview and Level Annotations

Branches:
Dungeon (2/15)

Altars:

Annotations:
D:2 Sigmund


Message History

The sling bullet hits Sigmund but does no damage.
You shoot a sling bullet.
The sling bullet hits Sigmund but does no damage.
A giant cockroach comes into view.
You shoot a sling bullet. The sling bullet barely misses Sigmund.
Sigmund hits you from afar with a +1 scythe of protection.
You shoot a sling bullet. The sling bullet hits Sigmund.
Sigmund is lightly wounded.
You shoot a sling bullet.
The sling bullet hits Sigmund but does no damage.
Sigmund is lightly wounded.
Sigmund barely misses you.
You shoot a sling bullet. The sling bullet hits Sigmund.
Sigmund is lightly wounded.
Sigmund hits you from afar with a +1 scythe of protection.
You shoot a sling bullet. The sling bullet hits Sigmund.
Sigmund is moderately wounded.
Sigmund barely misses you.
You shoot a sling bullet. The sling bullet hits Sigmund.
Sigmund is moderately wounded.
Sigmund hits you from afar with a +1 scythe of protection.
You shoot a sling bullet. The sling bullet hits Sigmund.
Sigmund is moderately wounded.
Sigmund barely misses you.
You shoot a sling bullet.
The sling bullet hits Sigmund but does no damage.
Sigmund is moderately wounded.
Sigmund casts a spell at you. The puff of flame hits you!
You shoot a sling bullet.
The sling bullet hits Sigmund but does no damage.
Sigmund is moderately wounded.
Sigmund points at you and mumbles some strange words.
You are confused.
Sigmund barely misses you. Sigmund barely misses you.
Sigmund hits you from afar with a +1 scythe of protection.
Sigmund is suddenly surrounded by pale blue light.
Sigmund hits you from afar with a +1 scythe of protection.
You die... ......# ..... ..... ... ... ...
BK.

#.# #@# #.# #.#
#.# #@# #.# #.#
..#####.###.#
............#
..#####.#.#.#
#. #.#.#.#
#...#####.#.#.#
..........#.#.#
######%....#.#


You could see Sigmund, a giant cockroach and a kobold.

Vanquished Creatures
  An adder (D:1)
  2 dart slugs (D:1)
  2 endoplasms
  2 giant cockroaches (D:1)
  4 goblins
  3 hobgoblins
  A quokka (D:1)
  7 ball pythons
  4 bats
  3 frilled lizards (D:1)
  3 kobolds (D:1)
  3 rats
35 creatures vanquished.

Notes
Turn   | Place    | Note
-------+----------+-------------------------------------------
     0 | D:1      | qw the Minotaur Hexslinger began the quest for the Orb.
     0 | D:1      | Reached XP level 1. HP: 16/16 MP: 1/1
     0 | D:1      | 0 ||| qw: Version: 0.3-a-46-gb1f654a
     0 | D:1      | 0 ||| qw: Game counter: 1821
     0 | D:1      | 0 ||| qw: Melee chars always use a shield: true
     0 | D:1      | 0 ||| qw: God list: Okawaru
     0 | D:1      | 0 ||| qw: Allow faded altars: false
     0 | D:1      | 0 ||| qw: Do Orc after clearing Dungeon:15 true
     0 | D:1      | 0 ||| qw: Do second Lair branch before Depths: true
     0 | D:1      | 0 ||| qw: Lair rune preference: random
     0 | D:1      | 0 ||| qw: Goals: Normal
     0 | D:1      | 0 ||| PLANNING D:1-11
   302 | D:1      | Reached skill level 3 in Ranged Weapons
   306 | D:1      | Reached XP level 2. HP: 23/23 MP: 2/2
   722 | D:1      | Reached XP level 3. HP: 29/29 MP: 3/3
  1059 | D:1      | 1059 ||| UPGRADING to +0 ring mail.
  1069 | D:1      | 1069 ||| DROPPING +0 robe.
  1070 | D:1      | 1070 ||| DRINKING 2 bubbling puce potions.
  1174 | D:1      | 1174 ||| DROPPING scroll of poison.
  1175 | D:1      | 1175 ||| DROPPING potion of berserk rage.
  1196 | D:2      | 1196 ||| STAIRDANCE
  1276 | D:2      | Reached skill level 4 in Ranged Weapons
  1358 | D:2      | Noticed Sigmund
  1368 | D:2      | HP: 6/29 [Sigmund/puff of flame (10)]
  1373 | D:2      | HP: 2/29 [Sigmund/+1 scythe of protection (5)]
  1374 | D:2      | Slain by Sigmund

Levels and vault maps discovered:
D:1:      sevenhm_arrival_forest_fort_large_2, layout_loops_corners,
          st_stairs_12
D:2:      layout_basic, uniq_natasha, uniq_crazy_yiuf_cottage, uniq_sigmund

Skill      XL: |  1  2  3 |
---------------+----------+-----
Ranged Weapons | 3 4 |  4.0
Fighting       | 2 |  2.0
Armour         | |  0.6
Dodging        | |  2.1
Spellcasting   | |  1.0
Hexes          | |  2.0

Action                     || total
---------------------------++-------
   Fire: Sling             ||   122
    Use: Potion            ||     1
 Armour: Robe              ||    13
         Ring mail         ||    14
  Dodge: Dodged            ||    45

Table legend:
 A = Non-vault XP
 B = Vault XP
 C = Vault XP percentage of total XP
 D = Non-vault monster count
 E = Vault monster count
 F = Vault count percentage of total count
                 A         B        C        D         E       F
            +---------+---------+-------+---------+---------+-------
      Total |      68 |       3 |   4.2 |      33 |       2 |   5.7
            +---------+---------+-------+---------+---------+-------
        D:1 |      58 |       3 |   4.9 |      27 |       2 |   6.9
        D:2 |      10 |       0 |   0.0 |       6 |       0 |   0.0
            +---------+---------+-------+---------+---------+-------
